 Dungeon Crawl Stone Soup version 0.17-a0-1311-gbcbd859 (webtiles) character file.

142 onwiheg the Slasher (level 5, -2/41 HPs)
             Began as a Formicid Berserker on June 8, 2015.
             Was a Priest of Trog.
             Slain by a mummy (10 damage)
             ... in an ossuary.
             The game lasted 00:12:19 (4392 turns).

onwiheg the Slasher (Formicid Berserker)            Turns: 4392, Time: 00:12:19

Health: -2/41      AC:  3    Str: 28    XL:     5   Next: 50%
Magic:  5/5        EV: 11    Int:  6    God:    Trog [***...]
Gold:   107        SH:  3    Dex: 10    Spells: 0 memorised, 4 levels left

rFire  . . .     SeeInvis +     a - +0 falchion
rCold  . . .     Clarity  .     b - +0 animal skin
rNeg   . . .     SustAt   .     u - +0 buckler
rPois  .         Gourm    .     (helmet unavailable)
rElec  .         Spirit   .     (no cloak)
rCorr  .         Warding  .     s - +0 pair of gloves
rMut   .         Stasis   +     (no boots)
MR     ++...                    (no amulet)
Stlth  +.........               (no ring)
                                (no ring)

@: mighty, marked, regenerating, very resistant to hostile enchantments, very
unstealthy
A: permanent stasis, dig shafts and tunnels, four strong arms, antennae 3
a: Dig, Shaft Self, Burn Spellbooks, Trog's Hand, Renounce Religion


You were in an ossuary.
You worshipped Trog.
Trog was most pleased with you.
You were not hungry.

You visited 1 branch of the dungeon, and saw 4 of its levels.
You also visited: Ossuary.

You collected 107 gold pieces.

Inventory:

Hand weapons
 a - a +0 falchion (weapon)
Missiles
 o - 2 javelins (quivered)
Armour
 b - a +0 animal skin (worn)
 s - a +0 pair of gloves (worn)
 u - a +0 buckler (worn)
Scrolls
 f - a scroll of fog {unknown}
 j - 2 scrolls of identify {unknown}
 l - a scroll of random uselessness {unknown}
 n - a scroll of remove curse {unknown}
 p - a scroll of fear {unknown}
 q - 3 scrolls of enchant armour {unknown}
 r - a scroll of recharging {unknown}
 t - a scroll of amnesia {unknown}
Potions
 e - 2 potions of invisibility {unknown}
 i - a potion of flight {unknown}
 k - 3 potions of poison {unknown}
 m - a potion of degeneration {unknown}
Comestibles
 c - 5 bread rations
 d - 2 beef jerkies
 h - 2 meat rations


   Skills:
 - Level 3.2 Fighting
 - Level 5.7 Long Blades
 - Level 2.1 Armour
 - Level 1.7 Dodging
 + Level 0.8 Shields


You had 4 spell levels left.
You didn't know any spells.

Dungeon Overview and Level Annotations

Branches:
Dungeon (4/15)
 Temple: D:4-7

Altars:
The Shining One

Annotations:
D:4 Edmund


Innate Abilities, Weirdness & Mutations

You are under a permanent stasis effect.
You can dig through walls and to a lower floor.
Your four strong arms can wield two-handed weapons with a shield.
You have a pair of large antennae on your head (SInv).


Message History

The mummy hits you!
You hit the mummy.
The mummy is moderately damaged.
The mummy hits you.
An elf zombie comes into view.
Use which ability? (? or * to list)
Your skin crawls.
You feel resistant to hostile enchantments.
You feel slightly more hungry. The mummy completely misses you.
Drink which item? (? for menu, Esc to quit)
You feel very mighty all of a sudden. You block the mummy's attack.
The mummy barely misses you.
You barely miss the mummy.
The mummy is moderately damaged.
The mummy hits you!
* * * LOW HITPOINT WARNING * * *
You slash the mummy!
The mummy is severely damaged.
The mummy hits you!
You die...

#....................#
#....................#
#........8..8........#
#....................#
#...######..######...#
#...# #..# #...#
#...#{ #.^# #...#
#...#Z####.^####.#...#
#...#ZZM@MZ......#...#
#...#Z####Z......#...#
#...#{ { #.......#...#
#...#{ #.......#...#
#...# #.∩.....#...#
#...# ....+####...#
#...# #...#{{{#...#
#...# {{ ...#{{{#...#
#...##############...#


You could see 2 mummies, a rat zombie, a jackal zombie, a hobgoblin zombie, an
orc zombie, an elf zombie and a centaur zombie.

Vanquished Creatures
  A worker ant (D:4)
  3 adders
  2 worms
  An orc (D:4)
  6 giant cockroaches
  7 hobgoblins
  3 jackals (D:1)
  8 kobolds
  A quokka (D:2)
  2 ball pythons
  11 bats
  6 giant newts
  9 goblins
  5 hobgoblin zombies (Ossuary)
  9 kobold zombies (Ossuary)
  6 orc zombies (Ossuary)
  11 rats
  A rat zombie (Ossuary)
92 creatures vanquished.

Notes
Turn   | Place    | Note
--------------------------------------------------------------
     0 | D:1      | onwiheg the Formicid Berserker began the quest for the Orb.
     0 | D:1      | Reached XP level 1. HP: 18/18 MP: 1/1
   487 | D:1      | Reached XP level 2. HP: 24/24 MP: 2/2
  1056 | D:1      | Acquired Trog's second power
  1056 | D:1      | Reached skill level 4 in Long Blades
  1056 | D:1      | Reached XP level 3. HP: 3/29 MP: 3/3
  2124 | D:2      | Reached XP level 4. HP: 27/35 MP: 4/4
  2474 | D:3      | Reached skill level 5 in Long Blades
  2715 | D:3      | Found a glowing golden altar of the Shining One.
  3728 | D:4      | Reached XP level 5. HP: 39/41 MP: 5/5
  3752 | D:4      | Noticed a phantom
  3905 | D:4      | Noticed Edmund
  4060 | D:4      | Found a sand-covered staircase.
  4071 | Ossuary  | Entered an ossuary
  4392 | Ossuary  | Slain by a mummy

Vault maps used:
D:1:      tarquinn_simple_flora_water_e, st_stairs_5, minmay_misc_feat_enclosed
D:2:      first_bread, minmay_misc_feat_doors
D:3:      lemuel_doored_altar
D:4:      enter_ossuary_3, led_xom_imps, uniq_edmund
Ossuary:  ossuary_tomb_1

Action                   |  1- 3 |  4- 6 || total
-------------------------+-------+-------++-------
Melee: Falchion          |   164 |   169 ||   333
Throw: Javelin           |       |     2 ||     2
Invok: Trog's Hand       |       |     2 ||     2
 Abil: Dig               |     5 |     7 ||    12
  Use: Potion            |       |     2 ||     2
  Eat: Chunk             |     4 |     7 ||    11
       Meat ration       |       |     1 ||     1
